 Dungeon Crawl Stone Soup version 0.30-a0-883-g5ad918d77d (webtiles) character file.

Game seed: 14856139977221007591

448 howech the Sneak (level 7, -7/41 HPs)
             Began as an Octopode Enchanter on Mar 15, 2023.
             Mangled by Duvessa
             ... wielding a +0 short sword of venom
              (10 damage)
             ... on level 4 of the Dungeon.
             The game lasted 00:11:34 (2796 turns).

howech the Sneak (Octopode Enchanter)               Turns: 2796, Time: 00:11:37

Health: -7/41      AC:  1    Str:  7    XL:     7   Next: 3%
Magic:  5/11       EV: 14    Int: 20    God:
Gold:   336        SH:  0    Dex: 18    Spells: 5/11 levels left

rFire   + . .      SeeInvis +    a - +1 dagger
rCold   . . .      Faith    .    (no shield)
rNeg    . . .      Spirit   .    (helmet restricted)
rPois   .          Reflect  .    (no amulet)
rElec   .          Rampage  .    c - ring of see invisible
rCorr   .                        e - +6 ring of dexterity
Will    .....                    j - ring of protection from fire
Stlth   ++++                     (no ring)
HPRegen 0.26/turn                (no ring)
MPRegen 0.12/turn                (no ring)
                                 (no ring)
                                 (no ring)

@: lethally poisoned (-7 -> -11), on blink cooldown
A: almost no armour, amphibious, 8 rings, camouflage 1, gelatinous body 1,
(nimble swimmer 1), tentacles
a: no special abilities


You were on level 4 of the Dungeon.
You visited 1 branch of the dungeon, and saw 4 of its levels.

You collected 336 gold pieces.

Inventory:

Hand Weapons
 a - a +1 dagger (weapon)
Jewellery
 c - a ring of see invisible (left tentacle)
 e - a +6 ring of dexterity (right tentacle)
 j - a ring of protection from fire (on tentacle)
 o - a +5 ring of evasion
Scrolls
 f - a scroll of vulnerability
 g - a scroll of teleportation
 k - a scroll of fog {unknown}
 p - a scroll of fear
 r - a scroll of silence {unknown}
Potions
 b - a potion of invisibility
 d - a potion of attraction {unknown}
 h - 3 potions of brilliance
 i - 3 potions of curing
 l - a potion of magic {unknown}
 m - a potion of heal wounds {unknown}
 n - 3 potions of degeneration {unknown}
 q - a potion of haste {unknown}


   Skills:
 + Level 2.3 Short Blades
 + Level 3.1 Dodging
 * Level 5.8 Stealth
 + Level 2.9 Spellcasting
 + Level 3.8 Hexes
 + Level 1.5 Translocations
 + Level 1.8 Ice Magic
 + Level 1.5 Air Magic
 + Level 2.2 Poison Magic


You had 5 spell levels left.
You knew the following spells:

 Your Spells              Type           Power      Damage    Failure   Level
a - Ensorcelled Hibernat  Hex/Ice        28%        N/A       7%          2
b - Poisonous Vapours     Pois/Air       20%        N/A       10%         2
c - Blink                 Tloc           18%        N/A       12%         2

Your spell library contained the following spells:

 Spells                   Type           Power      Damage    Failure   Level
 Confusing Touch          Hex            18%        N/A       9%          3
 Tukima's Dance           Hex            18%        N/A       9%          3
 Cigotuvi's Dreadful Rot  Necr/Pois/Air  16%        N/A       13%         2
 Dazzling Flash           Conj/Hex       20%        N/A       21%         3
 Mephitic Cloud           Conj/Pois/Air  8%         N/A       26%         3
 Manifold Assault         Tloc           9%         N/A       58%         4
 Storm Form               Tmut/Air       3%         N/A       100%        7


Dungeon Overview and Level Annotations

Branches:
Dungeon (4/15)
 Temple: D:4-7

Altars:
Zin

Annotations:
D:4 Duvessa


Innate Abilities, Weirdness & Mutations

You cannot wear most types of armour.
You are amphibious.
You can wear up to eight rings at the same time.
Your skin changes colour to match your surroundings (Stealth+).
Your rubbery body absorbs attacks. (AC +1, EV +1)
((You are camouflaged when in or above water. (Stealth+)))
You have tentacles for arms and can constrict up to eight enemies at once.


Message History

The goblin shouts!
Casting: Poisonous Vapours (safe; 10% risk of failure)
Confirm with . or Enter, or press ? or * to list all spells.
Aiming: Ensorcelled Hibernation (safe; 7% risk of failure)
Press: ? - help, Shift-Dir - straight line, f - goblin, p - Duvessa
Aim: a goblin, wielding a +0 dagger (chance to affect: 65%)
The goblin looks drowsy...
Duvessa hits you with a +0 short sword of venom.
Casting: Ensorcelled Hibernation (safe; 7% risk of failure)
Confirm with . or Enter, or press ? or * to list all spells.
You can't see any susceptible monsters within range! (Use Z to cast anyway.) Unknown command.
You hit Duvessa but do no damage. You grab Duvessa.
Duvessa is lightly wounded.
You constrict Duvessa, but do no damage.
Duvessa hits you with a +0 short sword of venom!
You are poisoned.
You hit Duvessa. You squeeze Duvessa, but do no damage.
Duvessa is lightly wounded.
You constrict Duvessa.
You feel very sick. Duvessa barely misses you. x2
You completely miss Duvessa.
Duvessa is lightly wounded.
You constrict Duvessa, but do no damage.
You feel sick. Duvessa completely misses you.
You hit Duvessa but do no damage.
Duvessa is lightly wounded.
You constrict Duvessa.
You feel sick.
Duvessa looks more healthy.
Duvessa hits you with a +0 short sword of venom!
* * * LOW HITPOINT WARNING * * *
Unknown command.
Casting: Ensorcelled Hibernation (safe; 7% risk of failure)
Confirm with . or Enter, or press ? or * to list all spells.
You blink.
You constrict Duvessa, but do no damage.
* * * LOW HITPOINT WARNING * * *
You feel sick. Duvessa barely misses you.
Duvessa hits you with a +0 short sword of venom!
You die...

..## #..........# #.
#..# ######.....# #.
##.### #.##'## ... #.
#)..## #.##.# .... #.
###.†###### #....#
.... #.
##......#########
..... #.
######....)§...##.....
## #######e.....#
#@...#####.###
#.....g......# #
#...../.$..... #
#......#..##.# #
#....###..# # #....#
.# # #.#### .# #.# #
#.


You could see Duvessa (berserk) and a goblin (asleep).

Vanquished Creatures
  2 scorpions (D:4)
  Dowan (D:4)
  A howler monkey (D:4)
  A hound (D:4)
  A jelly (D:4)
  Crazy Yiuf (D:4)
  An iguana (D:4)
  An orc wizard (D:3)
  An adder (D:4)
  A gnoll (D:1)
  2 worms
  3 dart slugs
  7 orcs
  7 ball pythons
  8 endoplasms
  4 giant cockroaches
  3 goblins
  5 hobgoblins
  4 jackals (D:3)
  2 quokkas
  5 bats
  3 frilled lizards
  5 kobolds
  8 rats
77 creatures vanquished.

Notes
Turn   | Place    | Note
-------+----------+-------------------------------------------
     0 | D:1      | howech the Octopode Enchanter began the quest for the Orb.
     0 | D:1      | Reached XP level 1. HP: 11/11 MP: 3/3
    67 | D:1      | Reached XP level 2. HP: 17/17 MP: 5/5
   280 | D:1      | Reached XP level 3. HP: 21/21 MP: 6/6
   283 | D:1      | Learned a level 2 spell: Ensorcelled Hibernation
   297 | D:1      | Learned a level 2 spell: Poisonous Vapours
   837 | D:2      | Found a faded altar of an unknown god.
   885 | D:2      | Learned a level 2 spell: Blink
  1184 | D:2      | Reached XP level 4. HP: 27/27 MP: 2/7
  1349 | D:3      | Reached skill level 1 in Poison Magic
  1458 | D:3      | Reached skill level 1 in Ice Magic
  1698 | D:3      | Found a glowing silver altar of Zin.
  1988 | D:4      | Found a runed translucent door.
  1989 | D:4      | Noticed Crazy Yiuf
  1994 | D:4      | Killed Crazy Yiuf
  1995 | D:4      | Reached XP level 5. HP: 31/31 MP: 5/8
  2075 | D:4      | Reached skill level 5 in Stealth
  2075 | D:4      | Reached skill level 1 in Translocations
  2243 | D:4      | Reached skill level 1 in Air Magic
  2243 | D:4      | Reached XP level 6. HP: 23/36 MP: 4/10
  2670 | D:4      | Noticed Duvessa
  2714 | D:4      | Noticed Dowan
  2736 | D:4      | Killed Dowan
  2737 | D:4      | Reached XP level 7. HP: 41/41 MP: 6/11
  2796 | D:4      | Mangled by Duvessa

Illustrated notes

Levels and vault maps discovered:
D:1:      dpeg_arrival_rooms_a, layout_rooms, reono_crystal_passage,
          minmay_misc_feat_doors, minmay_misc_feat_roman
D:2:      layout_loops_cross, basic_ecumenical_altar
D:3:      layout_basic, zin_statuary
D:4:      layout_basic, uniq_crazy_yiuf_cottage, uniq_duvessa

Skill      XL: |  1  2  3  4  5  6 |
---------------+-------------------+-----
Poison Magic   | 1 2 |  2.2
Ice Magic      | 1 |  1.8
Stealth        | 5 |  5.8
Translocations | 1 |  1.5
Short Blades   | 2 |  2.3
Air Magic      | 1 |  1.5
Dodging        | 3 |  3.1
Spellcasting   | |  2.9
Hexes          | |  3.8

Action                     |  1- 3 |  4- 6 |  7- 9 || total
---------------------------+-------+-------+-------++-------
  Melee: Dagger            |    48 |    80 |     4 ||   132
         Tentacles         |    13 |    20 |     1 ||    34
         Constrict         |     9 |    16 |     1 ||    26
         Punch             |       |     3 |       ||     3
   Cast: Ensorcelled Hiber |     4 |    13 |     1 ||    18
         Blink             |       |     1 |     1 ||     2
         Poisonous Vapours |       |     7 |     1 ||     8
    Use: Scroll            |     5 |     4 |       ||     9
         Potion            |       |     1 |       ||     1
   Stab: Sleeping          |    20 |    10 |       ||    30
         Distracted        |     1 |       |       ||     1
 Armour: Skin              |       |     2 |       ||     2
  Dodge: Dodged            |    14 |    47 |     4 ||    65

Table legend: (Time is in decaauts)
 A = Elapsed time spent in this place.
 B = Non-inter-level travel time spent in this place.
 C = Inter-level travel time spent in this place.
 D = Time resting spent in this place.
 E = Time spent auto-exploring this place.
 F = Levels seen in this place.
 G = Mean time per level.
                   A        B        C        D        E       F      G
               +--------+--------+--------+--------+--------+-----+--------+
         Total |   2783 |   2697 |     86 |    326 |   1638 |   4 |  695.8 |
       Dungeon |   2783 |   2697 |     86 |    326 |   1638 |   4 |  695.8 |
               +--------+--------+--------+--------+--------+-----+--------+

Top non-repeatable levels by time:
     D:4: 864 daAuts
     D:2: 708 daAuts
     D:3: 630 daAuts
     D:1: 580 daAuts
